 Dungeon Crawl Stone Soup version 0.21.1-1-g345015f (webtiles) character file.

220 diana the Insei (level 5, -5/33 HPs)
             Began as an Octopode Transmuter on June 2, 2018.
             Slain by a gnoll
             ... wielding a +0 flail
              (14 damage)
             ... on level 3 of the Dungeon.
             The game lasted 00:04:51 (4053 turns).

diana the Insei (Octopode Transmuter)               Turns: 4053, Time: 00:04:52

Health: -5/33      AC:  1    Str:  9    XL:     5   Next: 97%
Magic:  7/8        EV: 13    Int: 16    God:
Gold:   143        SH:  0    Dex: 13    Spells: 7/8 levels left

rFire    . . .     SeeInvis .     - Unarmed
rCold    . . .     Gourm    .   (no shield)
rNeg     . . .     Faith    .   (helmet restricted)
rPois    .         Spirit   .   (no amulet)
rElec    .         Reflect  .   (no ring)
rCorr    .         Harm     .   (no ring)
MR       .....                  (no ring)
Stlth    ++........             (no ring)
HPRegen  0.11/turn              (no ring)
MPRegen  0.11/turn              (no ring)
                                (no ring)
                                (no ring)

@: appendage
A: almost no armour, stealthy swim, amphibious, 8 rings, constrict 8, tentacle
spike 3, camouflage 1, gelatinous body 1
a: End Transformation


You were on level 3 of the Dungeon.
You were hungry.
One of your tentacles had a temporary spike.
You visited 1 branch of the dungeon, and saw 4 of its levels.

You collected 143 gold pieces.

Inventory:

Missiles
 a - 56 arrows
Jewellery
 g - an uncursed amulet of regeneration {unknown}
Scrolls
 d - 4 scrolls of identify {unknown}
 f - a scroll of magic mapping {unknown}
 h - a scroll of amnesia {unknown}
 j - a scroll of enchant weapon {unknown}
Books
 b - a book of Changes

   Spells                             Type                      Level
   a - Beastly Appendage              Transmutation                1
   b - Sticks to Snakes               Transmutation                2
   c - Spider Form                    Transmutation/Poison         3
   d - Ice Form                       Ice/Transmutation            4
   e - Blade Hands                    Transmutation                5
Comestibles
 c - 11 rations


   Skills:
 - Level 1.0 Fighting
 - Level 2.0 Dodging
 * Level 5.5 Unarmed Combat
 - Level 2.0 Spellcasting
 + Level 3.7 Transmutations


You had 7 spell levels left.
You knew the following spells:

 Your Spells              Type           Power        Failure   Level  Hunger
a - Beastly Appendage     Tmut           ##....       4%          1    #......


Dungeon Overview and Level Annotations

Branches:
Dungeon (4/15)
 Temple: D:4-7

Altars:
Elyvilon
Zin


Innate Abilities, Weirdness & Mutations

You cannot wear most types of armour.
You are very stealthy in the water. (Stealth+)
You are amphibious.
You can wear up to eight rings at the same time.
You can use your tentacles to constrict eight enemies at once.
Your skin changes colour to match your surroundings (Stealth+).
Your rubbery body absorbs attacks. (AC +1, EV +1)
One of your tentacles bears a large vicious spike.


Message History

You feel a little less mighty now.
You start resting.
You start resting.
You are feeling hungry.
You start resting.
You hear a distant slurping noise. x2
You start resting.
HP restored.
There is a stone staircase leading up here.
Casting: Beastly Appendage
Confirm with . or Enter, or press ? or * to list all spells.
One of your tentacles grows a vicious spike.
You climb upwards.
The gnoll hits you from afar with a spear.
The gnoll hits you with a flail!
There is a stone staircase leading down here.
The gnoll hits you from afar with a spear!
* * * LOW HITPOINT WARNING * * *
The gnoll hits you with a flail!
You die...

###.........#######.#
#.........# #.# #.........#
#.# #.........# #.#
#.........# #.# #.........#
#.# ###.........# #.#
.##.........#######.#
....[.......'.gg@##.#
..#.........####.##.#
..#.........# #.##.#
..##############'##.# .##
#............#.#############
.#
#......).....#............†.
.#
#............###############
.###############.## #..
.......# #.# #.#


You could see 2 gnolls.

Vanquished Creatures
  The ghost of olivier the Shield-Bearer, an amateur GrFi (D:4)
  An iguana (D:2)
  2 gnolls
  3 adders
  A worm (D:2)
  3 dart slugs
  3 leopard geckos
  4 orcs (D:3)
  A giant cockroach (D:2)
  4 goblins
  4 hobgoblins
  7 jackals
  3 kobolds
  8 bats
  7 frilled lizards
  10 rats
62 creatures vanquished.

Notes
Turn   | Place    | Note
-------+----------+-------------------------------------------
     0 | D:1      | diana the Octopode Transmuter began the quest for the Orb.
     0 | D:1      | Reached XP level 1. HP: 13/13 MP: 3/3
   585 | D:1      | Reached XP level 2. HP: 17/18 MP: 5/5
   941 | D:1      | Reached XP level 3. HP: 18/23 MP: 6/6
  1358 | D:2      | Found a white marble altar of Elyvilon.
  1549 | D:2      | Reached skill level 4 in Unarmed Combat
  1553 | D:2      | Reached XP level 4. HP: 14/28 MP: 5/7
  2394 | D:3      | Found a glowing silver altar of Zin.
  2459 | D:3      | HP: 1/28 [bat (1)]
  3360 | D:3      | Reached XP level 5. HP: 33/33 MP: 6/8
  3474 | D:4      | Noticed olivier's ghost (amateur GrFi)
  3599 | D:4      | Reached skill level 5 in Unarmed Combat
  3755 | D:4      | Killed olivier's ghost
  4053 | D:3      | Slain by a gnoll

Skill      XL: |  1  2  3  4  5 |
---------------+----------------+-----
Unarmed Combat | 4 5 |  5.5
Transmutations | 3 |  3.7
Fighting       | |  1.0
Dodging        | |  2.0
Spellcasting   | |  2.0

Action                   |  1- 3 |  4- 6 || total
-------------------------+-------+-------++-------
Melee: Unarmed           |    79 |    83 ||   162
       Constrict         |    15 |    23 ||    38
       Tentacles         |     9 |    16 ||    25
       Kick              |     1 |    13 ||    14
       Punch             |     1 |     1 ||     2
 Cast: Beastly Appendage |     1 |    14 ||    15
  Use: Potion            |       |     3 ||     3
 Stab: Sleeping          |     2 |     4 ||     6
  Eat: Chunk             |     2 |     7 ||     9
Armor: Skin              |     3 |     9 ||    12
Dodge: Dodged            |    48 |    66 ||   114
